 Dungeon Crawl Stone Soup version 0.27.0-1-g7a089689b8 (webtiles) character file.

Game seed: 17880087066897238486

57 ZombieSheep the Skirmisher (level 4, -1/37 HPs)
             Began as a Formicid Abyssal Knight on Aug 9, 2021.
             Was a Follower of Lugonu.
             Killed by divine providence
             ... invoked by an orc priest
              (12 damage)
             ... on level 2 of the Dungeon.
             The game lasted 00:02:42 (1701 turns).

ZombieSheep the Skirmisher (FoAK)                   Turns: 1701, Time: 00:02:43

Health: -1/37      AC:  5    Str: 17    XL:     4   Next: 18%
Magic:  6/6        EV: 10    Int: 12    God:    Lugonu [*.....]
Gold:   110        SH:  0    Dex: 10    Spells: 3/3 levels left

rFire    . . .     SeeInvis +   a - +1 spear
rCold    + . .     Faith    .   (no shield)
rNeg     . . .     Spirit   .   i - +0 ring mail
rPois    .         Reflect  .   (helmet unavailable)
rElec    .         Harm     .   (no cloak)
rCorr    .         Rampage  .   (no gloves)
Will     .....                  (no boots)
Stlth    ..........             (no amulet)
HPRegen  0.12/turn              g - ring of protection from cold
MPRegen  0.10/turn              (no ring)

@: no status effects
A: permanent stasis, dig shafts and tunnels, antennae 3, four strong arms
a: Dig, Shaft Self, Renounce Religion, Depart the Abyss


You were on level 2 of the Dungeon.
You worshipped Lugonu.
Lugonu was aware of your devotion.
You visited 1 branch of the dungeon, and saw 2 of its levels.
You visited the Abyss 1 time.

You collected 110 gold pieces.

Inventory:

Hand Weapons
 a - a +1 spear (weapon)
Missiles
 c - 5 boomerangs
Armour
 i - a +0 ring mail (worn)
Jewellery
 g - a ring of protection from cold (left hand)
Scrolls
 d - a scroll of magic mapping {unknown}
Potions
 e - a potion of curing
 f - a potion of mutation {unknown}
 h - a potion of haste {unknown}


   Skills:
 + Level 3.8 Fighting
 * Level 3.2 Polearms
 - Level 2.1 Armour
 - Level 0.8 Dodging
 + Level 3.0 Invocations


You had 3 spell levels left.
You didn't know any spells.
Your spell library contained the following spells:

 Spells                   Type           Power      Damage    Failure   Level
 Magic Dart               Conj           0%         1d3       52%         1
 Call Imp                 Summ           0%         N/A       65%         2
 Mephitic Cloud           Conj/Pois/Air  0%         N/A       87%         3


Dungeon Overview and Level Annotations

Branches:
Dungeon (2/15)

Altars:


Innate Abilities, Weirdness & Mutations

You cannot be hasted, slowed, berserked, paralysed or teleported.
You can dig through walls and to a lower floor.
You have a pair of large antennae on your head. (SInv)
Your four strong arms can wield two-handed weapons with a shield.


Message History

You hit the adder.
The adder is lightly wounded.
The adder bites you.
You miss the adder.
The adder is lightly wounded.
The adder bites you. The adder barely misses you.
You miss the adder.
The adder is lightly wounded.
The adder barely misses you.
You closely miss the adder.
The adder is lightly wounded.
The orc priest calls down the wrath of Beogh upon you.
Beogh smites you!
* * * LOW HITPOINT WARNING * * *
The adder bites you but does no damage.
You hit the adder.
The adder is severely wounded.
The adder closely misses you.
You miss the adder.
The adder is severely wounded.
The orc priest miscasts a cantrip.
The adder bites you but does no damage.
You miss the adder.
The adder is severely wounded.
The adder bites you but does no damage. The adder misses you.
You hit the adder.
You kill the adder!
Lugonu accepts your kill.
You have reached level 4!
You feel clever.
You closely miss the orc. The orc barely misses you.
You hit the orc.
The orc is almost dead.
The orc closely misses you.
You hit the orc.
You kill the orc!
Lugonu accepts your kill.
The orc priest calls down the wrath of Beogh upon you.
Beogh smites you!
You die...

.#..###########....##.
.............##..o##..
.............##...##.#
.............####.{#.#
.............# ##.#.#
....############ #...#
....# #......# ##..#
##.######......####..#
........'.......@)o.>#
#.#######......#######
...# #......# ...#
#......# ##.# #......#
##.# #......# ##.#
#......# ##.# ########
...#


You could see an orc priest.

Vanquished Creatures
  2 adders (D:2)
  2 orcs (D:2)
  2 ball pythons (D:1)
  4 endoplasms
  A giant cockroach (D:2)
  3 goblins
  3 hobgoblins
  6 jackals (D:1)
  A quokka (D:1)
  4 bats
  3 frilled lizards (D:1)
  A kobold (D:1)
  4 rats
36 creatures vanquished.

Notes
Turn   | Place    | Note
-------+----------+-------------------------------------------
     0 | Abyss:1  | ZombieSheep the Formicid Abyssal Knight began the quest for
                  | the Orb.
     0 | Abyss:1  | Reached XP level 1. HP: 18/18 MP: 2/2
    35 | Abyss:1  | Noticed an iron imp
    36 | D:1      | Escaped the Abyss
   224 | D:1      | Reached * piety under Lugonu
   225 | D:1      | Reached XP level 2. HP: 24/24 MP: 3/3
   336 | D:1      | Found a faded altar of an unknown god.
   858 | D:1      | Reached XP level 3. HP: 25/29 MP: 4/4
  1699 | D:2      | Reached XP level 4. HP: 11/37 MP: 6/6
  1701 | D:2      | Killed from afar by an orc priest

Illustrated notes

Levels and vault maps discovered:
D:1:      giann_horns, layout_basic, shapermc_ecumenical_altar_notcrosses
D:2:      minmay_alternating_diamond, layout_basic

Skill      XL: |  1  2  3 |
---------------+----------+-----
Polearms       | 3 |  3.2
Invocations    | 3 |  3.0
Fighting       | |  3.8
Armour         | |  2.1
Dodging        | |  0.8

Action                   |  1- 3 |  4- 6 || total
-------------------------+-------+-------++-------
Melee: Spear             |   124 |     3 ||   127
Invok: Depart the Abyss  |     1 |       ||     1
  Use: Scroll            |     2 |       ||     2
Armor: Leather armour    |    21 |       ||    21
       Ring mail         |     4 |       ||     4
Dodge: Dodged            |    51 |     2 ||    53
